AoeStats
← atibet09

Arabia

509194960Analyzed
1v1 RM · 7d ago on Sep 25, 2026· 39m 53s· 2 players
Game mode
Random Map
Map size
Tiny (2 player)
Population
200
Speed
Normal
Resources
Standard
Victory
Conquest
Starting age
Dark Age
Ending age
Imperial Age
RankedLock teamsTeams togetherTeam positionsShared explorationLock speedFull tech treeHidden civsTurbo modeCheats
Victory
Defeat
🇦🇷 Inca · Argentina
810
+15
🇷🇴 Franks · Romania
779
-15
atibet09
7:41 Loom
10:13 Feudal Age
10:52 Double-Bit Axe
18:29 Castle Age
17:12 Gold Mining
19:33 Bow Saw
20:51 Gold Shaft Mining
20:59 Husbandry
21:12 Scale Barding Armor
23:47 Forging
26:14 Man-at-Arms
26:56 Squires
29:10 Wheelbarrow
28:22 Town Watch
33:05 Imperial Age
30:22 Long Swordsman
31:53 Hand Cart
31:39 Town Patrol
33:46 Iron Casting
36:03 Chemistry
35:34 Conscription
38:22 Murder Holes
38:48 Ballistics
38:23 Fletching
38:34 Padded Archer Armor
1695
11:50 Feudal Age
12:19 Horse Collar
12:26 Double-Bit Axe
19:30 Castle Age
18:35 Stone Mining
19:03 Gold Mining
19:51 Forging
20:47 Squires
21:58 Town Watch
22:29 Pikeman
23:53 Heavy Plow
25:43 Wheelbarrow
31:54 Imperial Age
29:41 Champi Runner
30:37 Scale Mail Armor
30:53 Bow Saw
30:32 Champi Warrior
34:31 Chain Mail Armor
37:57 Conscription
38:21 Crop Rotation
38:31 Gold Shaft Mining
37:53 Halberdier
40:06 Iron Casting
Connection lost

Rejoining the realm…

Still unreachable

The connection could not be restored.

Session expired

The server has moved on; the page needs a fresh start.